 Dungeon Crawl Stone Soup version 0.19-a0-1886-gd64a0f0 (webtiles) character file.

716 Alarkh the Charmwright (level 7, -2/50 HPs)
             Began as a Mummy Skald on Oct 15, 2016.
             Slain by an ogre
             ... wielding a +0 giant club
              (17 damage)
             ... on level 4 of the Dungeon.
             The game lasted 00:05:29 (5177 turns).

Alarkh the Charmwright (Mummy Skald)                Turns: 5177, Time: 00:05:30

Health: -2/50      AC:  4    Str: 19    XL:     7   Next: 41%
Magic:  10/14      EV: 11    Int: 13    God:
Gold:   159        SH:  0    Dex: 12    Spells: 3 memorised, 9 levels left

rFire  x . .     SeeInvis .     a - +0 spear
rCold  + . .     Gourm    .     m - +0 leather armour (curse)
rNeg   + + +     Faith    .     (no shield)
rPois  ∞         Spirit   .     (no helmet)
rElec  .         Dismiss  .     (no cloak)
rCorr  .         Reflect  .     (no gloves)
MR     .....     Harm     .     q - +0 pair of boots
Stlth  ++........               (no amulet)
                                k - ring of stealth
                                f - +4 ring of strength

@: very slightly contaminated
A: no food or potions, fire vulnerability, cold resistance 1, negative energy
resistance 3, torment resistance, unbreathing
a: no special abilities


You were on level 4 of the Dungeon.
You were not hungry.

You visited 1 branch of the dungeon, and saw 4 of its levels.

You collected 159 gold pieces.

Inventory:

Hand Weapons
 a - a +0 spear (weapon)
 b - a +1 dagger of venom
Armour
 m - a cursed +0 leather armour (worn)
 o - a +0 leather armour
 q - a +0 pair of boots (worn)
Jewellery
 f - a +4 ring of strength (left hand)
 k - a ring of stealth (right hand)
Wands
 s - a wand of confusion (33/48)
Scrolls
 d - a scroll of blinking
 e - a scroll of identify
 g - 3 scrolls of teleportation
 h - 3 scrolls of remove curse
 i - a scroll of amnesia
 j - 2 scrolls of fear
 l - a scroll of random uselessness
 n - 2 scrolls of recharging {unknown}
 p - 2 scrolls of enchant armour {unknown}
 r - a scroll of enchant weapon {unknown}
 t - a scroll of noise {unknown}
Books
 c - a book of Battle

   Spells                             Type                      Level
   a - Infusion                       Charms                       1
   b - Shroud of Golubria             Charms/Translocation         2
   c - Song of Slaying                Charms                       2
   d - Spectral Weapon                Hexes/Charms                 3
   e - Regeneration                   Charms/Necromancy            3


   Skills:
 - Level 2.0 Fighting
 + Level 4.0 Polearms
 - Level 0.7 Armour
 - Level 0.7 Dodging
 + Level 4.6 Spellcasting
 + Level 4.8 Charms


You had 9 spell levels left.
You knew the following spells:

 Your Spells              Type           Power        Failure   Level  Hunger
a - Spectral Weapon       Hex/Chrm       #.......     28%         3    N/A
b - Shroud of Golubria    Chrm/Tloc      #.........   14%         2    N/A
c - Infusion              Chrm           ###.         3%          1    N/A

Dungeon Overview and Level Annotations

Branches:
Dungeon (4/15)
 Temple: D:4-7

Altars:
Kikubaaqudgha

Annotations:
D:2 1 runed door, Sigmund


Innate Abilities, Weirdness & Mutations

You do not eat or drink.
Your flesh is vulnerable to fire.
You are immune to poison.
Your flesh is cold resistant. (rC+)
You are immune to negative energy. (rN+++)
You are immune to unholy pain and torment.
You can survive without breathing.


Message History

You hit the orc but do no damage.
The orc is heavily wounded.
Your spectral weapon hits the orc from afar.
You kill the orc!
You closely miss the orc.
Your spectral weapon hits the orc from afar.
The orc hits you but does no damage.
You hit the orc but do no damage.
The orc is moderately wounded.
Your spectral weapon hits the orc from afar.
You kill the orc!
You barely miss the ogre.
Your spectral weapon hits the ogre from afar.
The ogre hits you with a giant club!
* * * LOW HITPOINT WARNING * * *
You hit the ogre.
The ogre is moderately wounded.
Your spectral weapon hits the ogre from afar.
The ogre hits you with a giant club!
You die...

#....#.....# #...
#....+.....# #...
##....#.....# #...
#....##.....#####...
###......#'##...##..
#......#.......#..
#......#.....>.+..
#......#.......#..
########@(....#.......#..
#.....oO#######.......#..
#......o#.............#..
#?......#.............'..
#.......#.............#..
#.......#+#############..
#.......# .####....###'
#.......# .............
#.......+ .............


You could see an ogre, 2 orcs and a friendly spectral spear.

Vanquished Creatures
  A scorpion (D:4)
  3 wights (D:3)
  2 vampire bats (D:2)
  A crimson imp (D:4)
  A hound (D:4)
  An orc priest (D:4)
  Terence (D:1)
  Ijyb (D:2)
  Natasha (twice) (D:2)
  2 orc wizards (D:3)
  A worker ant (D:4)
  3 gnolls (D:3)
  7 adders
  An ooze (D:2)
  5 worms
  2 dart slugs
  2 leopard geckos
  9 orcs
  10 bats
  3 bat skeletons (D:2)
  4 bat zombies (D:2)
  A giant cockroach (D:1)
  7 hobgoblins
  4 jackals (D:1)
  A ball python (D:1)
  4 frilled lizards
  12 goblins
  3 kobolds
  A quokka skeleton (D:4)
  8 rats
103 creatures vanquished.

Vanquished Creatures (others)
  2 spectral weapons (D:3)
2 creatures vanquished.

Grand Total: 105 creatures vanquished

Notes
Turn   | Place    | Note
-------+----------+-------------------------------------------
     0 | D:1      | Alarkh the Mummy Skald began the quest for the Orb.
     0 | D:1      | Reached XP level 1. HP: 16/16 MP: 3/3
   312 | D:1      | Reached XP level 2. HP: 18/22 MP: 3/5
   942 | D:1      | Reached XP level 3. HP: 18/27 MP: 1/6
  1217 | D:2      | Noticed Terence
  1509 | D:2      | Learned a level 2 spell: Shroud of Golubria
  1513 | D:2      | Learned a level 3 spell: Spectral Weapon
  1563 | D:1      | Killed Terence
  1671 | D:2      | Reached XP level 4. HP: 14/33 MP: 4/8
  1992 | D:2      | Noticed Natasha
  1996 | D:2      | Killed Natasha
  2061 | D:2      | Noticed Ijyb
  2073 | D:2      | Killed Ijyb
  2226 | D:2      | Reached XP level 5. HP: 16/38 MP: 9/9
  2518 | D:2      | Noticed Sigmund
  2671 | D:2      | Noticed Natasha
  2681 | D:2      | Killed Natasha
  2911 | D:2      | Found an ancient bone altar of Kikubaaqudgha.
  3172 | D:2      | Found a runed door.
  3517 | D:3      | Reached XP level 6. HP: 44/44 MP: 8/11
  4424 | D:3      | Reached XP level 7. HP: 31/50 MP: 8/13
  5177 | D:4      | Slain by an ogre

Vault maps used:
D:1:      nicolae_arrival_memento_mori, serial_glass, glass_columns_a,
          glass_columns_a, glass_columns_a, glass_columns_c, glass_columns_a,
          glass_columns_a
D:2:      kennysheep_vampire_church, uniq_sigmund, uniq_terence,
          uniq_crazy_yiuf_cottage, uniq_iyjb, uniq_natasha
D:3:      kennysheep_the_goblin_king, first_bread

Skill      XL: |  1  2  3  4  5  6  7 |
---------------+----------------------+-----
Polearms       | 2 3 4 |  4.0
Charms         | 3 4 |  4.8
Spellcasting   | 3 4 |  4.6
Fighting       | |  2.0
Armour         | |  0.7
Dodging        | |  0.7

Action                   |  1- 3 |  4- 6 |  7- 9 || total
-------------------------+-------+-------+-------++-------
Melee: Spear             |   107 |   188 |    80 ||   375
       Dagger            |       |    18 |       ||    18
 Cast: Infusion          |    12 |    16 |       ||    28
       Spectral Weapon   |     1 |     8 |     9 ||    18
       Shroud of Golubri |     1 |       |       ||     1
  Use: Scroll            |     2 |     3 |     1 ||     6
 Stab: Sleeping          |     2 |    10 |     3 ||    15
Armor: Leather armour    |    18 |    62 |     5 ||    85
Dodge: Dodged            |    65 |   156 |    22 ||   243
